 Dungeon Crawl Stone Soup version 0.31-a0-654-gbe3e110b4e (webtiles) character file.

Game seed: 9846088612029648354

21 spiderkeys the Magician (level 2, 0/19 HPs)
             Began as a Demonspawn Hedge Wizard on Aug 29, 2023.
             Slain by a jackal (1 damage)
             ... on level 1 of the Dungeon.
             The game lasted 00:01:35 (621 turns).

spiderkeys the Magician (Demonspawn Hedge Wizard)    Turns: 621, Time: 00:01:35

Health: 0/19       AC:  2    Str: 10    XL:     2   Next: 62%
Magic:  1/6        EV: 12    Int: 15    God:
Gold:   54         SH:  0    Dex: 12    Spells: 6/7 levels left

rFire   . . .        a - +0 dagger
rCold   . . .        (no shield)
rNeg    . . .        b - +0 robe
rPois   .            c - +0 hat
rElec   .            (no cloak)
rCorr   .            (no gloves)
SInv    .            (no boots)
Will    .....        (no amulet)
Stlth   ++           (no ring)
HPRegen 0.23/turn    (no ring)
MPRegen 0.20/turn

%: no passive effects
@: very slightly contaminated
A: magic regeneration
a: no special abilities


You were on level 1 of the Dungeon.
You visited 1 branch of the dungeon, and saw 1 of its levels.

You collected 54 gold pieces.


Innate Abilities, Weirdness & Mutations

You regenerate magic rapidly.


   Skills:
 - Level 1.7 Dodging
 - Level 1.7 Stealth
 + Level 3.2 Spellcasting
 + Level 1.5 Conjurations
 + Level 1.5 Summonings
 + Level 1.3 Translocations


You had 6 spell levels left.
You knew the following spells:

 Your Spells              Type           Power      Damage    Failure   Level
m - Magic Dart            Conj           24%        1d4       11%         1

Your spell library contained the following spells:

 Spells                   Type           Power      Damage    Failure   Level
 Call Imp                 Summ           12%        N/A       16%         2
 Blink                    Tloc           12%        N/A       17%         2
 Slow                     Hex            8%         N/A       21%         1
 Cigotuvi's Dreadful Rot  Necr/Pois/Air  4%         N/A       30%         2
 Sublimation of Blood     Necr           2%         N/A       30%         2
 Wereblood                Tmut           2%         N/A       30%         2
 Mephitic Cloud           Conj/Pois/Air  3%         N/A       43%         3
 Summon Hydra             Summ           3%         N/A       100%        7

Inventory:

Hand Weapons
 a - a +0 dagger (weapon)
Missiles
 g - 5 stones
 i - 2 poisoned darts
Armour
 b - a +0 robe (worn)
 c - a +0 hat (worn)
Jewellery
 F - a ring of fire
   (You found it on level 1 of the Dungeon)
Scrolls
 e - 4 scrolls of fog {unknown}
 f - a scroll of identify {unknown}
 j - a scroll of enchant armour {unknown}
 k - a scroll of teleportation {unknown}
Potions
 d - a potion of magic
 h - a potion of curing {unknown}

Dungeon Overview and Level Annotations

Branches:
Dungeon (1/15) Zot: 5378

Altars:

....############....
...#.........#####
#.#.........# ###
#...........# #..
##########..........# ##.
#........#..........####.
#........#........).#....
.####......h.##.........#....
..........Sh@...........#....
..........#h..............>.#
..........#..........†.######
..........#..................
..........#......♣♣.########.
..........#.........#
###########........##
#........# #........#


You could see 3 jackals and a ball python.


Message History

Nothing appears to happen. 😎 MP[-1]
You lost 1 mp, and now have 5/6 mp.
The magic dart hits the bat.
You kill the bat! 😎 MP[-1]
You lost 1 mp, and now have 4/6 mp.
You can't see any susceptible monsters within range! (Use Z to cast anyway.)
You can't see any susceptible monsters within range! (Use Z to cast anyway.)
Your magical contamination has completely faded away. 😎 MP[+1]
k - a scroll labelled AKOMAO IWKAPH 😎 MP[+1]
Your mp is fully restored (6).
Things that are here:
a +0 club; a +0 dagger; a goblin corpse A jackal comes into view.
A jackal is nearby!
A jackal is nearby!
The magic dart hits the jackal.
The jackal barks!
You hear a bark! 😎 MP[-1]
You lost 1 mp, and now have 5/6 mp.
The magic dart hits the jackal.
A jackal comes into view. 😎 MP[-1]
You lost 1 mp, and now have 4/6 mp.
The magic dart hits the jackal.
A jackal comes into view. 😎 MP[-1]
You lost 1 mp, and now have 3/6 mp.
The magic dart hits the jackal but does no damage.
The jackal barks!
The jackal closely misses you. 😎 MP[-1]
You lost 1 mp, and now have 2/6 mp.
The magic dart hits the jackal but does no damage.
A jackal comes into view.
The jackal bites you. 😕 HP[-1]
You take 1 damage, and now have 18/19 hp.
The magic dart hits the jackal.
You kill the jackal!
The jackal barks!
A ball python comes into view. 😕 MP[-1]
You lost 1 mp, and now have 1/6 mp.
The jackal barely misses you. The jackal attacks as it pursues you!
The jackal barely misses you. The jackal bites you. 😕 HP[-1]
You take 1 damage, and now have 17/19 hp.
The jackal attacks as it pursues you! The jackal bites you.
The jackal attacks as it pursues you!
The jackal bites you but does no damage. 😮 HP[-3] MP[+1]
You take 3 damage, and now have 14/19 hp.
Casting: Magic Dart (safe; 11% risk of failure)
Confirm with . or Enter, or press ? or * to list all spells.
Aiming: Magic Dart (safe; 11% risk of failure)
Press: ? - help, Shift-Dir - straight line, f - jackal
Aim: a jackal (100% to hit)
The magic dart hits the jackal but does no damage.
The ball python hisses angrily.
The jackal bites you. The jackal barely misses you.
The jackal closely misses you. 😮 HP[-3] MP[-1]
You take 3 damage, and now have 11/19 hp.
You lost 1 mp, and now have 1/6 mp.
Casting: Magic Dart (safe; 11% risk of failure)
Confirm with . or Enter, or press ? or * to list all spells.
Aiming: Magic Dart (safe; 11% risk of failure)
Press: ? - help, Shift-Dir - straight line, f/p - jackal
Aim: a jackal (100% to hit)
You miscast Magic Dart.
You are very lightly contaminated with residual magic.
Nothing appears to happen.
The jackal bites you.
The jackal closely misses you. 😮 HP[-1] MP[-1]
You take 1 damage, and now have 10/19 hp.
You lost 1 mp, and now have 0/6 mp.
The jackal bites you.
* * * LOW HITPOINT WARNING * * *
Things that are here:
a +0 club; a +0 dagger; a goblin corpse; 😨 HP[-1]
You take 1 damage, and now have 9/19 hp.
You closely miss the jackal. The jackal bites you.
* * * LOW HITPOINT WARNING * * *
The jackal bites you.
* * * LOW HITPOINT WARNING * * *
The jackal bites you.
* * * LOW HITPOINT WARNING * * *
The jackal completely misses you. 😱 HP[-5]
You take 5 damage, and now have 4/19 hp.
MASSIVE DAMAGE!! (PAUSE)
You barely miss the jackal. The jackal bites you.
* * * LOW HITPOINT WARNING * * *
The jackal barely misses you. The jackal closely misses you.
The jackal misses you. The jackal bites you.
You die...

Skill      XL: |  1 |
---------------+----+-----
Translocations | 1 |  1.3
Dodging        | |  1.7
Stealth        | |  1.7
Spellcasting   | |  3.2
Conjurations   | |  1.5
Summonings     | |  1.5

Action                     || total
---------------------------++-------
  Melee: Dagger            ||    10
   Cast: Magic Dart        ||    45
 Armour: Robe              ||    11
  Dodge: Dodged            ||    21

Levels and vault maps discovered:
D:1:      tarquinn_simple_flora_water_f, layout_basic, chequers_mini_garden

Notes
Turn   | Place    | Note
-------+----------+-------------------------------------------
     0 | D:1      | spiderkeys the Demonspawn Hedge Wizard began the quest for
                  | the Orb.
     0 | D:1      | Reached XP level 1. HP: 13/13 MP: 4/4
     0 | D:1      | magus.rc [v1.11.6]
   109 | D:1      | Reached skill level 1 in Translocations
   260 | D:1      | Gained mutation: You regenerate magic rapidly. [demonic
                  | ancestry]
   260 | D:1      | Reached XP level 2. HP: 19/19 MP: 0/6
   397 | D:1      | You add the spells Sublimation of Blood, Wereblood and
                  | Summon Hydra to your library.
   620 | D:1      | HP: 4/19 [jackal (1)]
   621 | D:1      | HP: 1/19 [jackal (3)]
   621 | D:1      | Slain by a jackal

Vanquished Creatures
  3 endoplasms (D:1)
  3 goblins (D:1)
  3 hobgoblins (D:1)
  A jackal (D:1)
  2 ball pythons (D:1)
  3 bats (D:1)
  2 frilled lizards (D:1)
17 creatures vanquished.

Table legend:
 A = Non-vault XP
 B = Vault XP
 C = Vault XP percentage of total XP
 D = Non-vault monster count
 E = Vault monster count
 F = Vault count percentage of total count
                 A         B        C        D         E       F
            +---------+---------+-------+---------+---------+-------
      Total |      30 |       0 |   0.0 |      17 |       0 |   0.0
            +---------+---------+-------+---------+---------+-------
        D:1 |      30 |       0 |   0.0 |      17 |       0 |   0.0
            +---------+---------+-------+---------+---------+-------

Skill      XL: |  1 |
---------------+----+-----
Translocations | 1 |  1.3
Dodging        | |  1.7
Stealth        | |  1.7
Spellcasting   | |  3.2
Conjurations   | |  1.5
Summonings     | |  1.5

Action                     || total
---------------------------++-------
  Melee: Dagger            ||    10
   Cast: Magic Dart        ||    45
 Armour: Robe              ||    11
  Dodge: Dodged            ||    21

Illustrated notes

Table legend:
 A = Kills in this place as a percentage of kills in the entire game.
 B = Kills by you in this place as a percentage of kills by you in the entire game.
 C = Kills by friends in this place as a percentage of kills by friends in the entire game.
 D = Other kills in this place as a percentage of other kills in the entire game.
 E = Experience gained in this place as a percentage of experience gained in the entire game.
 F = Experience gained in this place divided by the number of levels of this place that you have seen.
                   A       B       C       D       E      F
               +-------+-------+-------+-------+-------+----------------------
         Total | 100.0 | 100.0 |   N/A |   N/A | 100.0 |  30.0
       Dungeon | 100.0 | 100.0 |   N/A |   N/A | 100.0 |  30.0
               +-------+-------+-------+-------+-------+----------------------

Table legend: (Time is in decaauts)
 A = Elapsed time spent in this place.
 B = Non-inter-level travel time spent in this place.
 C = Inter-level travel time spent in this place.
 D = Time resting spent in this place.
 E = Time spent auto-exploring this place.
 F = Levels seen in this place.
 G = Mean time per level.
                   A        B        C        D        E       F      G
               +--------+--------+--------+--------+--------+-----+--------+
         Total |    621 |    621 |      0 |      0 |    520 |   1 |  621.0 |
       Dungeon |    621 |    621 |      0 |      0 |    520 |   1 |  621.0 |
               +--------+--------+--------+--------+--------+-----+--------+

Top non-repeatable levels by time:
     D:1: 621 daAuts
